MapleLeafs vs Canadiens

Created - Sunday, October 25, 2015 at 01:38

Goals
1 2 3 T
MapleLeafs 0 4 5 9
Canadiens 0 2 0 2
Shots
1 2 3 T
MapleLeafs 4 13 12 29
Canadiens 10 11 7 28

1st period

No Goal

Penalties :
Alex Goligoski (Mon) for Hooking (Minor) at 0:23, Drew Doughty (Tor) for Hooking (Minor) at 14:25, Mikko Koivu (Tor) for Hooking (Minor) at 18:39

2nd period

1. Canadiens , Justin Abdelkader 5 (Mike Ribeiro) at 3:44
2. MapleLeafs , Marc-Edouard Vlasic 2 (Mikko Koivu, Drew Doughty) at 6:59 (PP)
3. MapleLeafs , Alexander Steen 4 (James Neal, James van Riemsdyk) at 8:27
4. MapleLeafs , Justin Williams 1 (Mikko Koivu, Dan Girardi) at 9:59 (PP)
5. MapleLeafs , Marc-Edouard Vlasic 3 (Morgan Rielly, Justin Williams) at 14:01 (PP)
6. Canadiens , Mathieu Perreault 5 (Francois Beauchemin, Justin Fontaine) at 18:07

Penalties :
Mike Cammalleri (Mon) for Tripping (Minor) at 0:45, Brian Boyle (Mon) for Holding (Minor) at 5:51, Justin Abdelkader (Mon) for Interference (Minor) at 8:45, Ryan Callahan (Mon) for Tripping (Minor) at 13:06

3rd period

7. MapleLeafs , James Neal 3 (Alexander Steen, Drew Doughty) at 0:20
8. MapleLeafs , James van Riemsdyk 3 (James Neal, Marc-Edouard Vlasic) at 4:55 (PP)
9. MapleLeafs , Alexander Steen 5 (Drew Doughty) at 6:49 (PP)
10. MapleLeafs , Matt Beleskey 2 (Brandon Sutter) at 16:00
11. MapleLeafs , James Neal 4 (Alexander Steen, James van Riemsdyk) at 18:53 (PP)

Penalties :
Dominic Moore (Tor) for Roughing (Minor) at 1:03, Jordie Benn (Mon) for Holding (Minor) at 3:19, Francois Beauchemin (Mon) for Holding (Minor) at 6:32, Brandon Prust (Tor) for Hooking (Minor) at 11:56, Alex Goligoski (Mon) for Tripping (Minor) at 18:22, Ryan Callahan (Mon) for Holding (Minor) at 18:56, Justin Williams (Tor) for Holding (Minor) at 19:57

Goalie Stats

Cory Schneider (Tor), 26 saves from 28 shots - (0.929), W, 4-1-0, 60:00 minutes
Pekka Rinne (Mon), 13 saves from 17 shots - (0.765), L, 5-1-2, 34:01 minutes
Curtis McElhinney (Mon), 7 saves from 12 shots - (0.583), 25:59 minutes

Players Stats for MapleLeafs

Player Name              G  A  P  +/- PIM S  H  SB GA TA FO     MP     PP MP  PK MP  
------------------------------------------------------------------------------------
Alexander Steen          2  2  4   1  0   5  0  2  1  1  7/17   24:21   6:07   5:57 
Brandon Prust            0  0  0  -1  2   0  0  1  1  0  2/9    10:11   0:00   1:53 
Brandon Sutter           0  1  1   1  0   1  0  0  1  0  4/8    12:27   0:00   1:23 
Carl Gunnarsson          0  0  0  -1  0   0  1  0  0  3  0/0    13:26   0:00   1:53 
Dan Girardi              0  1  1   2  0   0  3  2  0  2  0/0    29:14   7:49   5:51 
Dominic Moore            0  0  0   0  2   0  1  2  0  1  4/7    19:15   4:33   3:13 
Drew Doughty             0  3  3   2  2   1  1  1  0  3  0/0    27:43   7:49   3:52 
James Neal               2  2  4   1  0   5  2  0  0  0  1/2    18:21   6:07   0:16 
James van Riemsdyk       1  2  3   1  0   2  0  0  1  0  0/1    18:03   6:07   0:00 
Justin Williams          1  1  2   0  2   2  3  0  5  0  0/0    15:43   4:32   0:00 
Karl Alzner              0  0  0   0  0   1  0  0  0  2  0/0    16:24   0:00   2:11 
Lee Stempniak            0  0  0   1  0   1  0  0  0  0  0/0     9:50   0:00   0:00 
Marc-Edouard Vlasic      2  1  3   0  0   2  0  2  1  1  0/0    19:13   2:51   2:05 
Matt Beleskey            1  0  1   1  0   4  2  1  1  0  2/4    13:28   0:00   3:10 
Mikko Koivu              0  2  2   0  2   1  2  0  1  0  3/12   15:49   4:33   0:00 
Morgan Rielly            0  1  1  -1  0   0  0  0  0  1  0/0    14:45   2:51   0:00 
Tomas Jurco              0  0  0  -1  0   2  0  0  1  1  0/1     6:52   0:00   0:00 
Zack Smith               0  0  0  -1  0   2  0  0  1  1  0/0     6:52   0:00   0:00 

Players Stats for Canadiens

Player Name              G  A  P  +/- PIM S  H  SB GA TA FO     MP     PP MP  PK MP  
------------------------------------------------------------------------------------
Alex Goligoski           0  0  0  -1  4   1  0  1  2  2  0/0    25:08   4:33   6:16 
Andrew Campbell          0  0  0   0  0   1  0  0  0  0  0/0    20:33   0:00   8:46 
Ben Lovejoy              0  0  0   0  0   3  2  2  0  1  0/0    20:45   3:23   1:54 
Brian Boyle              0  0  0  -1  2   2  1  0  3  0  6/10   12:44   0:00   7:33 
Daniel Sedin             0  0  0   0  0   2  0  0  1  0  1/2    17:31   4:47   0:12 
Francois Beauchemin      0  1  1   0  2   2  0  1  0  1  0/0    20:44   3:23   1:54 
Gregory Campbell         0  0  0  -1  0   0  2  0  0  0  2/3    13:53   0:00   8:41 
Joe Thornton             0  0  0   0  0   2  0  1  3  1  10/16  17:19   4:47   0:00 
Jordie Benn              0  0  0   0  2   0  2  0  0  1  0/0    11:41   0:00   0:00 
Justin Abdelkader        1  0  1   0  2   4  0  0  3  0  0/0    17:39   3:09   1:21 
Justin Fontaine          0  1  1   0  0   2  1  0  1  0  0/0    10:30   0:00   0:00 
Mathieu Perreault        1  0  1   0  0   1  3  0  3  1  8/12   15:18   3:09   1:18 
Matt Niskanen            0  0  0  -1  0   0  2  2  0  2  0/0    21:17   4:33   2:30 
Mike Cammalleri          0  0  0   0  2   0  1  0  0  0  1/1    18:36   3:09   2:15 
Mike Ribeiro             0  1  1   0  0   3  0  0  1  1  10/15  12:49   0:00   0:00 
Patrick Eaves            0  0  0   0  0   2  0  0  0  0  0/0    10:30   0:00   0:00 
Ryan Callahan            0  0  0   0  4   2  5  0  1  0  0/2    17:17   4:47   0:00 
Scott Gomez              0  0  0  -1  0   1  0  0  1  0  0/0     4:55   0:00   0:00 

3 Stars

1 - James Neal (Tor)
2 - Alexander Steen (Tor)
3 - Marc-Edouard Vlasic (Tor)

Power Play

MapleLeafs - 6 on 9 Attempt(s) - 66.67%
Canadiens - 0 on 5 Attempt(s) - 0.00%

Penalty Kill

MapleLeafs - 5 on 5 Attempt(s) - 100.00% - Score 0 goal in Penalty Kill
Canadiens - 3 on 9 Attempt(s) - 33.33% - Score 0 goal in Penalty Kill

Team Stat

MapleLeafs - Hits : 15 - Faceoff Wins : 23 - Blocked Shots : 11 - Penalty Minutes : 10
Canadiens - Hits : 19 - Faceoff Wins : 38 - Blocked Shots : 7 - Penalty Minutes : 18

Official

Referees : Unknown
Linesman : Unknown

Game Notes

Curtis McElhinney enters game at 14:01 of 2nd period

Finance

Level 1 -- Attendance: 4639 (77.32%) -- Ticket Income $417,510
Level 2 -- Attendance: 4525 (90.50%) -- Ticket Income $226,250
Level 3 -- Attendance: 1454 (72.70%) -- Ticket Income $47,982
Level 4 -- Attendance: 3327 (83.18%) -- Ticket Income $66,540
Luxury Box -- Attendance: 986 (98.60%) -- Ticket Income $177,480
Game was played at the Bell Centre.
Total Attendance: 14931 (82.95%)
Total Ticket Income: $935,762
Other Income: $458,523
Total Income: $1,394,285

MapleLeafs

5 vs 5 Forward 
   Center                   Left Wing                Right Wing               Time % Phy DF OF 
 1 Alexander Steen          James van Riemsdyk       James Neal               35     1   2  2  
 2 Mikko Koivu              Dominic Moore            Justin Williams          30     1   2  2  
 3 Brandon Sutter           Matt Beleskey            Lee Stempniak            22     1   2  2  
 4 Brandon Prust            Zack Smith               Tomas Jurco              13     1   2  2  

5 vs 5 Defense 
   Defense                  Defense                                           Time % Phy DF OF 
 1 Drew Doughty             Dan Girardi                                       40     1   2  2  
 2 Marc-Edouard Vlasic      Karl Alzner                                       35     1   2  2  
 3 Morgan Rielly            Carl Gunnarsson                                   25     1   2  2  
 4 Drew Doughty             Dan Girardi                                       0      1   2  2  

PowerPlay Forward 
   Center                   Left Wing                Right Wing               Time % Phy DF OF 
 1 Alexander Steen          James van Riemsdyk       James Neal               60     0   1  4  
 2 Mikko Koivu              Dominic Moore            Justin Williams          40     0   2  3  

PowerPlay Defense
   Defense                  Defense                                           Time % Phy DF OF 
 1 Drew Doughty             Dan Girardi                                       60     1   2  2  
 2 Marc-Edouard Vlasic      Morgan Rielly                                     40     1   2  2  

Penalty Kill 4 Players Forward 
   Center                   Wing                     Time % Phy DF OF 
 1 Dominic Moore            Alexander Steen          60     1   2  2  
 2 Brandon Sutter           Brandon Prust            40     1   2  2  

Penalty Kill 4 Players Defense
   Defense                  Defense                  Time % Phy DF OF 
 1 Drew Doughty             Dan Girardi              60     1   2  2  
 2 Marc-Edouard Vlasic      Karl Alzner              40     1   2  2  

Penalty Kill - 3 Players Forward 
   Forward                                           Time % Phy DF OF 
 1 Dominic Moore                                     60     1   2  2  
 2 Brandon Sutter                                    40     1   2  2  

Penalty Kill - 3 Players Defense
   Defense                  Defense                  Time % Phy DF OF 
 1 Drew Doughty             Dan Girardi              60     1   2  2  
 2 Marc-Edouard Vlasic      Karl Alzner              40     1   2  2  

4 vs 4 Forward 
   Center                   Wing                     Time % Phy DF OF 
 1 Alexander Steen          James Neal               60     1   2  2  
 2 Mikko Koivu              James van Riemsdyk       40     1   2  2  

4 vs 4 Defense
   Defense                  Defense                  Time % Phy DF OF 
 1 Drew Doughty             Dan Girardi              60     1   2  2  
 2 Marc-Edouard Vlasic      Karl Alzner              40     1   2  2  

Last Minutes Offensive
   Center                   Left Wing                Right Wing               Defense                  Defense                  
   Alexander Steen          James van Riemsdyk       James Neal               Drew Doughty             Dan Girardi              

Last Minutes Defensive
   Center                   Left Wing                Right Wing               Defense                  Defense                  
   Alexander Steen          James van Riemsdyk       James Neal               Drew Doughty             Dan Girardi              

Goaltenders
Starting : Cory Schneider           
Backup : Scott Clemmensen         

Extra Forwards
Normal : Brandon Sutter, Lee Stempniak, Matt Beleskey - PP : Brandon Sutter, Lee Stempniak - PK : Matt Beleskey
Extra Defensemen
Normal : Morgan Rielly, Carl Gunnarsson, Marc-Edouard Vlasic - PP : Morgan Rielly - PK : Carl Gunnarsson, Marc-Edouard Vlasic
Penalty Shots
Alexander Steen, Mikko Koivu, James van Riemsdyk, James Neal, Brandon Sutter

Canadiens

5 vs 5 Forward 
   Center                   Left Wing                Right Wing               Time % Phy DF OF 
 1 Joe Thornton             Daniel Sedin             Ryan Callahan            33     1   1  3  
 2 Mike Ribeiro             Mike Cammalleri          Justin Abdelkader        31     1   1  3  
 3 Mathieu Perreault        Patrick Eaves            Justin Fontaine          26     1   1  3  
 4 Gregory Campbell         Brian Boyle              Scott Gomez              10     1   3  1  

5 vs 5 Defense 
   Defense                  Defense                                           Time % Phy DF OF 
 1 Alex Goligoski           Matt Niskanen                                     40     1   2  2  
 2 Ben Lovejoy              Francois Beauchemin                               34     1   2  2  
 3 Andrew Campbell          Jordie Benn                                       26     1   3  1  
 4 Alex Goligoski           Matt Niskanen                                     0      1   2  2  

PowerPlay Forward 
   Center                   Left Wing                Right Wing               Time % Phy DF OF 
 1 Joe Thornton             Daniel Sedin             Ryan Callahan            55     1   1  3  
 2 Mathieu Perreault        Mike Cammalleri          Justin Abdelkader        45     1   1  3  

PowerPlay Defense
   Defense                  Defense                                           Time % Phy DF OF 
 1 Alex Goligoski           Matt Niskanen                                     60     1   1  3  
 2 Francois Beauchemin      Ben Lovejoy                                       40     1   2  2  

Penalty Kill 4 Players Forward 
   Center                   Wing                     Time % Phy DF OF 
 1 Brian Boyle              Gregory Campbell         60     1   3  1  
 2 Mike Cammalleri          Justin Abdelkader        40     1   3  1  

Penalty Kill 4 Players Defense
   Defense                  Defense                  Time % Phy DF OF 
 1 Alex Goligoski           Andrew Campbell          60     1   3  1  
 2 Ben Lovejoy              Francois Beauchemin      40     1   3  1  

Penalty Kill - 3 Players Forward 
   Forward                                           Time % Phy DF OF 
 1 Brian Boyle                                       60     1   3  1  
 2 Gregory Campbell                                  40     1   3  1  

Penalty Kill - 3 Players Defense
   Defense                  Defense                  Time % Phy DF OF 
 1 Alex Goligoski           Andrew Campbell          60     1   3  1  
 2 Ben Lovejoy              Francois Beauchemin      40     1   3  1  

4 vs 4 Forward 
   Center                   Wing                     Time % Phy DF OF 
 1 Mike Ribeiro             Justin Abdelkader        60     1   2  2  
 2 Joe Thornton             Ryan Callahan            40     1   2  2  

4 vs 4 Defense
   Defense                  Defense                  Time % Phy DF OF 
 1 Alex Goligoski           Matt Niskanen            60     1   2  2  
 2 Andrew Campbell          Francois Beauchemin      40     1   2  2  

Last Minutes Offensive
   Center                   Left Wing                Right Wing               Defense                  Defense                  
   Joe Thornton             Mike Cammalleri          Justin Abdelkader        Alex Goligoski           Matt Niskanen            

Last Minutes Defensive
   Center                   Left Wing                Right Wing               Defense                  Defense                  
   Gregory Campbell         Brian Boyle              Mike Cammalleri          Alex Goligoski           Andrew Campbell          

Goaltenders
Starting : Pekka Rinne              
Backup : Curtis McElhinney        

Extra Forwards
Normal : Mike Cammalleri, Scott Gomez, Gregory Campbell - PP : Mike Cammalleri, Mike Ribeiro - PK : Mike Cammalleri
Extra Defensemen
Normal : Alex Goligoski, Andrew Campbell, Matt Niskanen - PP : Alex Goligoski - PK : Alex Goligoski, Matt Niskanen
Penalty Shots
Brian Boyle, Mike Cammalleri, Patrick Eaves, Justin Abdelkader, Daniel Sedin

% Time on Ice - MapleLeafs

Lines # - Real PCT - Wanted PCT - Time Play
Normal Forward
1 - 30% - 35% - 12:15
2 - 30% - 30% - 12:25
3 - 24% - 22% - 9:50
4 - 17% - 13% - 6:52
Normal Defense
1 - 38% - 40% - 15:34
2 - 34% - 35% - 14:15
3 - 28% - 25% - 11:33
4 - 0% - 0% - 0:00
PP Forward
1 - 57% - 60% - 6:07
2 - 43% - 40% - 4:33
PP Defense
1 - 73% - 60% - 7:49
2 - 27% - 40% - 2:51
PK Forward
1 - 83% - 60% - 6:33
2 - 17% - 40% - 1:23
PK Defense
1 - 74% - 60% - 5:51
2 - 26% - 40% - 2:05
PK3 Forward
1 - 0% - 60%
2 - 0% - 40%
PK3 Defense
1 - 0% - 60%
2 - 0% - 40%
44 Forward
1 - 100% - 60% - 0:02
2 - 0% - 40% - 0:00
44 Defense
1 - 0% - 60% - 0:00
2 - 100% - 40% - 0:02
Last Minute Offensive  - 0:00
Last Minute Defensive  - 0:00
Total
Forward - 60:00
Defense - 60:00

% Time on Ice - Canadiens

Lines # - Real PCT - Wanted PCT - Time Play
Normal Forward
1 - 31% - 33% - 12:49
2 - 32% - 31% - 13:08
3 - 25% - 26% - 10:30
4 - 12% - 10% - 4:55
Normal Defense
1 - 34% - 40% - 14:12
2 - 37% - 34% - 15:28
3 - 28% - 26% - 11:42
4 - 0% - 0% - 0:00
PP Forward
1 - 60% - 55% - 4:47
2 - 40% - 45% - 3:09
PP Defense
1 - 57% - 60% - 4:33
2 - 43% - 40% - 3:23
PK Forward
1 - 83% - 60% - 8:53
2 - 17% - 40% - 1:47
PK Defense
1 - 82% - 60% - 8:46
2 - 18% - 40% - 1:54
PK3 Forward
1 - 0% - 60%
2 - 0% - 40%
PK3 Defense
1 - 0% - 60%
2 - 0% - 40%
44 Forward
1 - 100% - 60% - 0:02
2 - 0% - 40% - 0:00
44 Defense
1 - 100% - 60% - 0:02
2 - 0% - 40% - 0:00
Last Minute Offensive  - 0:00
Last Minute Defensive  - 0:00
Total
Forward - 60:00
Defense - 60:00

Play by Play

1st period


0:01 of 1st period - Alexander Steen wins face-off versus Joe Thornton in neutral zone.
0:23 of 1st period - Minor Penalty to Alex Goligoski for Hooking.
0:24 of 1st period - Alexander Steen wins face-off versus Brian Boyle in Canadiens zone.
1:26 of 1st period - Snap shot by Mikko Koivu.
1:26 of 1st period - Shot Hit the Post.
2:23 of 1st period - Penalty to Alex Goligoski is over, Alex Goligoski is back on ice.
2:51 of 1st period - Snap shot by Patrick Eaves.
2:51 of 1st period - Stopped by Cory Schneider with a rebound.
2:53 of 1st period - Snap shot by Patrick Eaves.
2:53 of 1st period - Deflect By Justin Fontaine.
2:53 of 1st period - Stopped by Cory Schneider with a rebound.
2:55 of 1st period - Slapshot by Ben Lovejoy.
2:55 of 1st period - Stopped by Cory Schneider with a rebound.
3:26 of 1st period - Alex Goligoski is hit by Matt Beleskey and loses puck.
3:59 of 1st period - Wrist shot by Ryan Callahan.
3:59 of 1st period - Stopped by Cory Schneider with a rebound.
4:01 of 1st period - Snap shot by Joe Thornton.
4:01 of 1st period - Shot Misses the Net.
4:03 of 1st period - Snap shot by Matt Niskanen.
4:03 of 1st period - Shot Misses the Net.
4:05 of 1st period - Slapshot by Alex Goligoski.
4:05 of 1st period - Shot Misses the Net.
4:07 of 1st period - Slapshot by Matt Niskanen.
4:07 of 1st period - Deflect By Joe Thornton.
4:07 of 1st period - Shot Misses the Net.
4:07 of 1st period - Puck is out of play.
4:08 of 1st period - Joe Thornton wins face-off versus Tomas Jurco in MapleLeafs zone.
4:19 of 1st period - Snap shot by Daniel Sedin.
4:19 of 1st period - Stopped by Cory Schneider with a rebound.
4:43 of 1st period - Wrist shot by Zack Smith.
4:43 of 1st period - Shot Misses the Net.
4:45 of 1st period - Slapshot by Zack Smith.
4:45 of 1st period - Stopped by Pekka Rinne without a rebound.
4:46 of 1st period - Mathieu Perreault wins face-off versus Mikko Koivu in Canadiens zone.
5:10 of 1st period - Slapshot by Mathieu Perreault.
5:10 of 1st period - Shot Misses the Net.
5:12 of 1st period - Slapshot by Francois Beauchemin.
5:12 of 1st period - Stopped by Cory Schneider without a rebound.
5:13 of 1st period - Brandon Sutter wins face-off versus Mike Ribeiro in MapleLeafs zone.
5:48 of 1st period - Wrist shot by Justin Abdelkader.
5:48 of 1st period - Shot Misses the Net.
6:27 of 1st period - Icing by Jordie Benn.
6:28 of 1st period - Gregory Campbell wins face-off versus Mikko Koivu in Canadiens zone.
6:39 of 1st period - Justin Williams is hit by Gregory Campbell and loses puck.
7:54 of 1st period - Dan Girardi is hit by Mathieu Perreault and loses puck.
8:39 of 1st period - Wrist shot by Tomas Jurco.
8:39 of 1st period - Shot Blocked by Alex Goligoski.
9:05 of 1st period - Karl Alzner is hit by Matt Niskanen and loses puck.
9:47 of 1st period - Snap shot by Joe Thornton.
9:47 of 1st period - Stopped by Cory Schneider without a rebound.
9:48 of 1st period - Mikko Koivu wins face-off versus Mathieu Perreault in MapleLeafs zone.
9:53 of 1st period - Snap shot by Mathieu Perreault.
9:53 of 1st period - Shot Blocked by Dominic Moore.
10:39 of 1st period - Snap shot by Tomas Jurco.
10:39 of 1st period - Shot Misses the Net.
10:41 of 1st period - Wrist shot by Karl Alzner.
10:41 of 1st period - Stopped by Pekka Rinne with a rebound.
10:43 of 1st period - Wrist shot by Brandon Prust.
10:43 of 1st period - Shot Misses the Net.
10:45 of 1st period - Wrist shot by Marc-Edouard Vlasic.
10:45 of 1st period - Shot Misses the Net.
10:47 of 1st period - Snap shot by Zack Smith.
10:47 of 1st period - Stopped by Pekka Rinne with a rebound.
10:49 of 1st period - Snap shot by Zack Smith.
10:49 of 1st period - Shot Misses the Net.
10:51 of 1st period - Slapshot by Karl Alzner.
10:51 of 1st period - Shot Misses the Net.
10:53 of 1st period - Slapshot by Karl Alzner.
10:53 of 1st period - Deflect By Tomas Jurco.
10:53 of 1st period - Shot Misses the Net.
10:53 of 1st period - Puck is out of play.
10:54 of 1st period - Mike Ribeiro wins face-off versus Brandon Sutter in Canadiens zone.
11:13 of 1st period - Wrist shot by Justin Abdelkader.
11:13 of 1st period - Stopped by Cory Schneider with a rebound.
11:35 of 1st period - Snap shot by James Neal.
11:35 of 1st period - Stopped by Pekka Rinne without a rebound.
11:36 of 1st period - Joe Thornton wins face-off versus Alexander Steen in Canadiens zone.
11:51 of 1st period - Snap shot by Daniel Sedin.
11:51 of 1st period - Shot Blocked by Alexander Steen.
12:44 of 1st period - Gregory Campbell is hit by Dominic Moore and loses puck.
12:51 of 1st period - Slapshot by Andrew Campbell.
12:51 of 1st period - Stopped by Cory Schneider with a rebound.
12:53 of 1st period - Wrist shot by Gregory Campbell.
12:53 of 1st period - Shot Misses the Net.
13:03 of 1st period - Ben Lovejoy is hit by Justin Williams and loses puck.
13:26 of 1st period - Snap shot by Justin Abdelkader.
13:26 of 1st period - Shot Blocked by Marc-Edouard Vlasic.
14:25 of 1st period - Minor Penalty to Drew Doughty for Hooking.
14:26 of 1st period - Matt Beleskey wins face-off versus Ryan Callahan in MapleLeafs zone.
14:34 of 1st period - Wrist shot by Joe Thornton.
14:34 of 1st period - Shot Blocked by Matt Beleskey.
14:36 of 1st period - Slapshot by Matt Niskanen.
14:36 of 1st period - Deflect By Ryan Callahan.
14:36 of 1st period - Shot Blocked by Dan Girardi.
14:36 of 1st period - Puck is out of play.
14:37 of 1st period - Matt Beleskey wins face-off versus Ryan Callahan in MapleLeafs zone.
14:46 of 1st period - Ryan Callahan is hit by Carl Gunnarsson and loses puck.
16:25 of 1st period - Penalty to Drew Doughty is over, Drew Doughty is back on ice.
16:28 of 1st period - Karl Alzner is hit by Mathieu Perreault and loses puck.
17:03 of 1st period - Icing by Carl Gunnarsson.
17:04 of 1st period - Mathieu Perreault wins face-off versus Brandon Sutter in MapleLeafs zone.
17:39 of 1st period - Carl Gunnarsson is hit by Jordie Benn.
18:39 of 1st period - Minor Penalty to Mikko Koivu for Hooking.
18:40 of 1st period - Joe Thornton wins face-off versus Dominic Moore in MapleLeafs zone.
18:46 of 1st period - Snap shot by Daniel Sedin.
18:46 of 1st period - Stopped by Cory Schneider without a rebound.
18:47 of 1st period - Joe Thornton wins face-off versus Dominic Moore in MapleLeafs zone.
19:53 of 1st period - Slapshot by Brandon Prust.
19:53 of 1st period - Shot Blocked by Ben Lovejoy.
Goals for this period are 0 for MapleLeafs vs 0 for Canadiens.
Shots for this period are 4 for MapleLeafs vs 10 for Canadiens.

2nd period


0:01 of 2nd period - Dominic Moore wins face-off versus Daniel Sedin in neutral zone.
0:39 of 2nd period - Penalty to Mikko Koivu is over, Mikko Koivu is back on ice.
0:44 of 2nd period - Snap shot by Alexander Steen.
0:44 of 2nd period - Stopped by Pekka Rinne without a rebound.
0:45 of 2nd period - Mike Ribeiro wins face-off versus Brandon Sutter in Canadiens zone.
0:45 of 2nd period - Minor Penalty to Mike Cammalleri for Tripping.
0:46 of 2nd period - Brian Boyle wins face-off versus James van Riemsdyk in Canadiens zone.
0:46 of 2nd period - Brian Boyle is hit by James Neal.
1:59 of 2nd period - Mikko Koivu is hit by Gregory Campbell and loses puck.
2:38 of 2nd period - Slapshot by Mikko Koivu.
2:38 of 2nd period - Shot Misses the Net.
2:40 of 2nd period - Slapshot by Marc-Edouard Vlasic.
2:40 of 2nd period - Deflect By Justin Williams.
2:40 of 2nd period - Shot Misses the Net.
2:40 of 2nd period - Puck is out of play.
2:41 of 2nd period - Mathieu Perreault wins face-off versus Mikko Koivu in Canadiens zone.
2:45 of 2nd period - Penalty to Mike Cammalleri is over, Mike Cammalleri is back on ice.
2:58 of 2nd period - Wrist shot by Matt Beleskey.
2:58 of 2nd period - Shot Misses the Net.
3:00 of 2nd period - Snap shot by Morgan Rielly.
3:00 of 2nd period - Shot Blocked by Joe Thornton.
3:02 of 2nd period - Snap shot by Lee Stempniak.
3:02 of 2nd period - Stopped by Pekka Rinne with a rebound.
3:04 of 2nd period - Slapshot by Morgan Rielly.
3:04 of 2nd period - Shot Misses the Net.
3:06 of 2nd period - Slapshot by Morgan Rielly.
3:06 of 2nd period - Shot Blocked by Francois Beauchemin.
3:08 of 2nd period - Slapshot by Drew Doughty.
3:08 of 2nd period - Shot Misses the Net.
3:26 of 2nd period - Snap shot by Matt Beleskey.
3:26 of 2nd period - Stopped by Pekka Rinne without a rebound.
3:27 of 2nd period - Mike Ribeiro wins face-off versus Brandon Prust in Canadiens zone.
3:32 of 2nd period - Snap shot by Justin Abdelkader.
3:32 of 2nd period - Shot Blocked by Brandon Prust.
3:36 of 2nd period - Snap shot by Justin Abdelkader.
3:36 of 2nd period - Deflect By Morgan Rielly.
3:36 of 2nd period - Shot Misses the Net.
3:36 of 2nd period - Puck is out of play.
3:37 of 2nd period - Mike Ribeiro wins face-off versus Brandon Prust in MapleLeafs zone.
3:42 of 2nd period - Slapshot by Justin Abdelkader.
3:42 of 2nd period - Stopped by Cory Schneider without a rebound.
3:43 of 2nd period - Mike Ribeiro wins face-off versus Brandon Prust in MapleLeafs zone.
3:44 of 2nd period - Snap shot by Justin Abdelkader.
3:44 of 2nd period - Goal by Justin Abdelkader - MapleLeafs : 0 - Canadiens : 1.
3:45 of 2nd period - Mike Ribeiro wins face-off versus Alexander Steen in neutral zone.
3:48 of 2nd period - Wrist shot by Justin Abdelkader.
3:48 of 2nd period - Shot Hit the Post.
4:07 of 2nd period - Slapshot by Mike Ribeiro.
4:07 of 2nd period - Shot Misses the Net.
4:09 of 2nd period - Slapshot by Francois Beauchemin.
4:09 of 2nd period - Shot Blocked by Dan Girardi.
4:11 of 2nd period - Slapshot by Ben Lovejoy.
4:11 of 2nd period - Stopped by Cory Schneider with a rebound.
4:13 of 2nd period - Slapshot by Francois Beauchemin.
4:13 of 2nd period - Deflect By Drew Doughty.
4:13 of 2nd period - Stopped by Cory Schneider with a rebound.
4:41 of 2nd period - Dominic Moore is hit by Ben Lovejoy and loses puck.
5:44 of 2nd period - Snap shot by Matt Beleskey.
5:44 of 2nd period - Stopped by Pekka Rinne without a rebound.
5:45 of 2nd period - Brandon Prust wins face-off versus Gregory Campbell in Canadiens zone.
5:51 of 2nd period - Minor Penalty to Brian Boyle for Holding.
5:52 of 2nd period - Mike Cammalleri wins face-off versus Alexander Steen in Canadiens zone.
6:48 of 2nd period - Alex Goligoski is hit by Mikko Koivu and loses puck.
6:55 of 2nd period - Snap shot by Mikko Koivu.
6:55 of 2nd period - Shot Misses the Net.
6:57 of 2nd period - Slapshot by Marc-Edouard Vlasic.
6:57 of 2nd period - Shot Misses the Net.
6:59 of 2nd period - Wrist shot by Marc-Edouard Vlasic.
6:59 of 2nd period - Deflect By Alex Goligoski.
6:59 of 2nd period - Goal by Marc-Edouard Vlasic - MapleLeafs : 1 - Canadiens : 1.
7:00 of 2nd period - Joe Thornton wins face-off versus Brandon Sutter in neutral zone.
7:19 of 2nd period - Brandon Sutter is hit by Ryan Callahan and loses puck.
8:11 of 2nd period - Snap shot by James Neal.
8:11 of 2nd period - Stopped by Pekka Rinne with a rebound.
8:27 of 2nd period - Wrist shot by Alexander Steen.
8:27 of 2nd period - Goal by Alexander Steen - MapleLeafs : 2 - Canadiens : 1.
8:28 of 2nd period - Mike Ribeiro wins face-off versus Mikko Koivu in neutral zone.
8:43 of 2nd period - Slapshot by Justin Williams.
8:43 of 2nd period - Stopped by Pekka Rinne with a rebound.
8:45 of 2nd period - Minor Penalty to Justin Abdelkader for Interference.
8:46 of 2nd period - Alexander Steen wins face-off versus Brian Boyle in Canadiens zone.
9:25 of 2nd period - Brian Boyle is hit by Dan Girardi and loses puck.
9:40 of 2nd period - Alex Goligoski is hit by Mikko Koivu and loses puck.
9:59 of 2nd period - Snap shot by Justin Williams.
9:59 of 2nd period - Goal by Justin Williams - MapleLeafs : 3 - Canadiens : 1.
10:00 of 2nd period - Brandon Sutter wins face-off versus Mike Ribeiro in neutral zone.
10:21 of 2nd period - Wrist shot by Matt Beleskey.
10:21 of 2nd period - Stopped by Pekka Rinne without a rebound.
10:22 of 2nd period - Alexander Steen wins face-off versus Joe Thornton in Canadiens zone.
10:40 of 2nd period - James van Riemsdyk is hit by Ryan Callahan and loses puck.
10:55 of 2nd period - Alexander Steen is hit by Ryan Callahan and loses puck.
11:33 of 2nd period - Wrist shot by Mike Ribeiro.
11:33 of 2nd period - Shot Misses the Net.
11:41 of 2nd period - Wrist shot by Mike Ribeiro.
11:41 of 2nd period - Stopped by Cory Schneider without a rebound.
11:42 of 2nd period - Mathieu Perreault wins face-off versus Brandon Prust in MapleLeafs zone.
11:51 of 2nd period - Snap shot by Tomas Jurco.
11:51 of 2nd period - Stopped by Pekka Rinne with a rebound.
11:53 of 2nd period - Slapshot by Karl Alzner.
11:53 of 2nd period - Deflect By Tomas Jurco.
11:53 of 2nd period - Shot Misses the Net.
11:53 of 2nd period - Puck is out of play.
11:54 of 2nd period - Brandon Prust wins face-off versus Mathieu Perreault in Canadiens zone.
12:09 of 2nd period - Snap shot by Tomas Jurco.
12:09 of 2nd period - Stopped by Pekka Rinne with a rebound.
13:06 of 2nd period - Minor Penalty to Ryan Callahan for Tripping.
13:07 of 2nd period - Brian Boyle wins face-off versus Alexander Steen in Canadiens zone.
13:43 of 2nd period - Wrist shot by Brian Boyle.
13:43 of 2nd period - Stopped by Cory Schneider without a rebound.
13:44 of 2nd period - Mikko Koivu wins face-off versus Brian Boyle in MapleLeafs zone.
13:55 of 2nd period - Snap shot by Justin Williams.
13:55 of 2nd period - Shot Misses the Net.
13:57 of 2nd period - Snap shot by Morgan Rielly.
13:57 of 2nd period - Shot Misses the Net.
13:59 of 2nd period - Slapshot by Marc-Edouard Vlasic.
13:59 of 2nd period - Shot Misses the Net.
14:01 of 2nd period - Slapshot by Marc-Edouard Vlasic.
14:01 of 2nd period - Goal by Marc-Edouard Vlasic - MapleLeafs : 4 - Canadiens : 1.
14:01 of 2nd period - Curtis McElhinney enters game.
14:02 of 2nd period - Mike Ribeiro wins face-off versus James Neal in neutral zone.
14:22 of 2nd period - Off-side.
14:23 of 2nd period - Mikko Koivu wins face-off versus Joe Thornton in neutral zone.
14:46 of 2nd period - Snap shot by Ryan Callahan.
14:46 of 2nd period - Shot Blocked by Marc-Edouard Vlasic.
14:54 of 2nd period - Justin Williams is hit by Ben Lovejoy and loses puck.
15:54 of 2nd period - Snap shot by Mathieu Perreault.
15:54 of 2nd period - Deflect By Justin Fontaine.
15:54 of 2nd period - Stopped by Cory Schneider without a rebound.
15:55 of 2nd period - Brandon Sutter wins face-off versus Mathieu Perreault in MapleLeafs zone.
16:32 of 2nd period - Wrist shot by Mathieu Perreault.
16:32 of 2nd period - Deflect By Patrick Eaves.
16:32 of 2nd period - Shot Misses the Net.
16:32 of 2nd period - Puck is out of play.
16:33 of 2nd period - Joe Thornton wins face-off versus Dominic Moore in MapleLeafs zone.
17:03 of 2nd period - Dominic Moore is hit by Ryan Callahan and loses puck.
17:34 of 2nd period - Drew Doughty is hit by Mike Cammalleri and loses puck.
17:45 of 2nd period - Wrist shot by Justin Abdelkader.
17:45 of 2nd period - Stopped by Cory Schneider without a rebound.
17:46 of 2nd period - Mathieu Perreault wins face-off versus Alexander Steen in MapleLeafs zone.
18:03 of 2nd period - Wrist shot by Mathieu Perreault.
18:03 of 2nd period - Shot Misses the Net.
18:07 of 2nd period - Snap shot by Mathieu Perreault.
18:07 of 2nd period - Goal by Mathieu Perreault - MapleLeafs : 4 - Canadiens : 2.
18:08 of 2nd period - James Neal wins face-off versus Mike Ribeiro in neutral zone.
18:17 of 2nd period - Matt Niskanen is hit by Dan Girardi and loses puck.
18:45 of 2nd period - Slapshot by Alexander Steen.
18:45 of 2nd period - Shot Hit the Post.
18:57 of 2nd period - Dan Girardi is hit by Matt Niskanen and loses puck.
19:17 of 2nd period - Slapshot by Ryan Callahan.
19:17 of 2nd period - Deflect By Joe Thornton.
19:17 of 2nd period - Stopped by Cory Schneider with a rebound.
19:19 of 2nd period - Slapshot by Ben Lovejoy.
19:19 of 2nd period - Deflect By Mikko Koivu.
19:19 of 2nd period - Stopped by Cory Schneider without a rebound.
19:20 of 2nd period - Brandon Sutter wins face-off versus Joe Thornton in MapleLeafs zone.
19:47 of 2nd period - Daniel Sedin is hit by Matt Beleskey and loses puck.
Goals for this period are 4 for MapleLeafs vs 2 for Canadiens.
Shots for this period are 13 for MapleLeafs vs 11 for Canadiens.

3rd period


0:01 of 3rd period - Mike Ribeiro wins face-off versus Alexander Steen in neutral zone.
0:04 of 3rd period - Snap shot by Justin Abdelkader.
0:04 of 3rd period - Shot Blocked by Drew Doughty.
0:20 of 3rd period - Snap shot by James Neal.
0:20 of 3rd period - Goal by James Neal - MapleLeafs : 5 - Canadiens : 2.
0:21 of 3rd period - Alexander Steen wins face-off versus Mike Ribeiro in neutral zone.
0:34 of 3rd period - Snap shot by James Neal.
0:34 of 3rd period - Shot Misses the Net.
0:50 of 3rd period - Snap shot by Justin Abdelkader.
0:50 of 3rd period - Shot Misses the Net.
0:52 of 3rd period - Slapshot by Alex Goligoski.
0:52 of 3rd period - Stopped by Cory Schneider with a rebound.
0:54 of 3rd period - Wrist shot by Justin Abdelkader.
0:54 of 3rd period - Shot Misses the Net.
0:56 of 3rd period - Snap shot by Mike Ribeiro.
0:56 of 3rd period - Stopped by Cory Schneider without a rebound.
0:57 of 3rd period - Joe Thornton wins face-off versus Mikko Koivu in MapleLeafs zone.
1:03 of 3rd period - Minor Penalty to Dominic Moore for Roughing.
1:04 of 3rd period - Daniel Sedin wins face-off versus Matt Beleskey in MapleLeafs zone.
2:15 of 3rd period - Alexander Steen is hit by Mathieu Perreault and loses puck.
3:03 of 3rd period - Penalty to Dominic Moore is over, Dominic Moore is back on ice.
3:19 of 3rd period - Minor Penalty to Jordie Benn for Holding.
3:20 of 3rd period - Brian Boyle wins face-off versus Mikko Koivu in Canadiens zone.
3:53 of 3rd period - Snap shot by Mikko Koivu.
3:53 of 3rd period - Stopped by Curtis McElhinney without a rebound.
3:54 of 3rd period - Brian Boyle wins face-off versus Alexander Steen in Canadiens zone.
3:54 of 3rd period - Brian Boyle is hit by James Neal.
4:28 of 3rd period - Brian Boyle is hit by Justin Williams and loses puck.
4:53 of 3rd period - Snap shot by James van Riemsdyk.
4:53 of 3rd period - Shot Misses the Net.
4:55 of 3rd period - Wrist shot by James van Riemsdyk.
4:55 of 3rd period - Goal by James van Riemsdyk - MapleLeafs : 6 - Canadiens : 2.
4:56 of 3rd period - Mike Ribeiro wins face-off versus Matt Beleskey in neutral zone.
5:05 of 3rd period - Snap shot by Mike Ribeiro.
5:05 of 3rd period - Stopped by Cory Schneider with a rebound.
6:14 of 3rd period - Wrist shot by Ryan Callahan.
6:14 of 3rd period - Deflect By Brandon Prust.
6:14 of 3rd period - Shot Misses the Net.
6:14 of 3rd period - Puck is out of play.
6:15 of 3rd period - Dominic Moore wins face-off versus Mathieu Perreault in MapleLeafs zone.
6:15 of 3rd period - Dominic Moore is hit by Justin Fontaine.
6:32 of 3rd period - Minor Penalty to Francois Beauchemin for Holding.
6:33 of 3rd period - Alexander Steen wins face-off versus Brian Boyle in Canadiens zone.
6:49 of 3rd period - Snap shot by Alexander Steen.
6:49 of 3rd period - Goal by Alexander Steen - MapleLeafs : 7 - Canadiens : 2.
6:50 of 3rd period - Joe Thornton wins face-off versus Alexander Steen in neutral zone.
7:12 of 3rd period - Backhand shot by James Neal.
7:12 of 3rd period - Shot Blocked by Matt Niskanen.
7:14 of 3rd period - Wrist shot by James van Riemsdyk.
7:14 of 3rd period - Stopped by Curtis McElhinney with a rebound.
7:22 of 3rd period - Snap shot by James Neal.
7:22 of 3rd period - Stopped by Curtis McElhinney with a rebound.
7:24 of 3rd period - Snap shot by Alexander Steen.
7:24 of 3rd period - Deflect By Alex Goligoski.
7:24 of 3rd period - Shot Misses the Net.
7:24 of 3rd period - Puck is out of play.
7:25 of 3rd period - Mathieu Perreault wins face-off versus Mikko Koivu in Canadiens zone.
9:14 of 3rd period - Wrist shot by Alexander Steen.
9:14 of 3rd period - Stopped by Curtis McElhinney with a rebound.
9:24 of 3rd period - Wrist shot by Alexander Steen.
9:24 of 3rd period - Deflect By Justin Abdelkader.
9:24 of 3rd period - Stopped by Curtis McElhinney with a rebound.
9:26 of 3rd period - Backhand shot by Drew Doughty.
9:26 of 3rd period - Shot Blocked by Ben Lovejoy.
9:28 of 3rd period - Slapshot by James Neal.
9:28 of 3rd period - Shot Misses the Net.
9:30 of 3rd period - Slapshot by Drew Doughty.
9:30 of 3rd period - Shot Misses the Net.
9:32 of 3rd period - Slapshot by Drew Doughty.
9:32 of 3rd period - Stopped by Curtis McElhinney with a rebound.
10:24 of 3rd period - Ryan Callahan is hit by Justin Williams and loses puck.
11:30 of 3rd period - Karl Alzner is hit by Jordie Benn and loses puck.
11:56 of 3rd period - Minor Penalty to Brandon Prust for Hooking.
11:57 of 3rd period - Dominic Moore wins face-off versus Joe Thornton in MapleLeafs zone.
13:07 of 3rd period - Alex Goligoski is hit by Drew Doughty and loses puck.
13:14 of 3rd period - Justin Abdelkader is hit by Dan Girardi and loses puck.
13:19 of 3rd period - Slapshot by Brandon Sutter.
13:19 of 3rd period - Stopped by Curtis McElhinney with a rebound.
13:21 of 3rd period - Slapshot by Marc-Edouard Vlasic.
13:21 of 3rd period - Shot Blocked by Matt Niskanen.
13:25 of 3rd period - Slapshot by Brandon Sutter.
13:25 of 3rd period - Deflect By Alex Goligoski.
13:25 of 3rd period - Shot Misses the Net.
13:25 of 3rd period - Puck is out of play.
13:26 of 3rd period - Dominic Moore wins face-off versus Joe Thornton in Canadiens zone.
13:39 of 3rd period - Dominic Moore is hit by Ryan Callahan and loses puck.
13:56 of 3rd period - Penalty to Brandon Prust is over, Brandon Prust is back on ice.
14:38 of 3rd period - Wrist shot by Scott Gomez.
14:38 of 3rd period - Deflect By Brian Boyle.
14:38 of 3rd period - Stopped by Cory Schneider with a rebound.
14:40 of 3rd period - Snap shot by Gregory Campbell.
14:40 of 3rd period - Shot Misses the Net.
14:42 of 3rd period - Wrist shot by Brian Boyle.
14:42 of 3rd period - Shot Misses the Net.
15:33 of 3rd period - Alexander Steen is hit by Brian Boyle and loses puck.
16:00 of 3rd period - Wrist shot by Brandon Sutter.
16:00 of 3rd period - Deflect By Matt Beleskey.
16:00 of 3rd period - Goal by Matt Beleskey - MapleLeafs : 8 - Canadiens : 2.
16:01 of 3rd period - Mathieu Perreault wins face-off versus Brandon Prust in neutral zone.
16:03 of 3rd period - Off-side.
16:04 of 3rd period - Mathieu Perreault wins face-off versus Brandon Prust in neutral zone.
16:29 of 3rd period - Slapshot by Patrick Eaves.
16:29 of 3rd period - Stopped by Cory Schneider with a rebound.
17:43 of 3rd period - Wrist shot by Daniel Sedin.
17:43 of 3rd period - Shot Misses the Net.
17:45 of 3rd period - Slapshot by Alex Goligoski.
17:45 of 3rd period - Shot Blocked by Alexander Steen.
17:47 of 3rd period - Wrist shot by Alex Goligoski.
17:47 of 3rd period - Shot Misses the Net.
17:49 of 3rd period - Wrist shot by Ryan Callahan.
17:49 of 3rd period - Stopped by Cory Schneider without a rebound.
17:50 of 3rd period - Gregory Campbell wins face-off versus Mikko Koivu in MapleLeafs zone.
18:05 of 3rd period - Slapshot by Scott Gomez.
18:05 of 3rd period - Stopped by Cory Schneider with a rebound.
18:11 of 3rd period - Slapshot by Scott Gomez.
18:11 of 3rd period - Deflect By Gregory Campbell.
18:11 of 3rd period - Shot Blocked by Dominic Moore.
18:11 of 3rd period - Puck is out of play.
18:12 of 3rd period - Joe Thornton wins face-off versus Brandon Prust in MapleLeafs zone.
18:22 of 3rd period - Minor Penalty to Alex Goligoski for Tripping.
18:23 of 3rd period - Brian Boyle wins face-off versus Alexander Steen in Canadiens zone.
18:43 of 3rd period - Wrist shot by James van Riemsdyk.
18:43 of 3rd period - Shot Misses the Net.
18:53 of 3rd period - Slapshot by James Neal.
18:53 of 3rd period - Goal by James Neal - MapleLeafs : 9 - Canadiens : 2.
18:54 of 3rd period - Joe Thornton wins face-off versus Mikko Koivu in neutral zone.
18:56 of 3rd period - Minor Penalty to Ryan Callahan for Holding.
18:57 of 3rd period - Brian Boyle wins face-off versus Alexander Steen in Canadiens zone.
19:57 of 3rd period - Minor Penalty to Justin Williams for Holding.
19:58 of 3rd period - Alexander Steen wins face-off versus Mike Ribeiro in MapleLeafs zone.
Goals for this period are 5 for MapleLeafs vs 0 for Canadiens.
Shots for this period are 12 for MapleLeafs vs 7 for Canadiens.